TOP OF THE 1ST |
Seattle Pikes batting - Pitching for Kalamazoo Royale with Cheese : RHP Miguel Angel Rodríguez
|
Pitching: RHP Miguel Angel Rodríguez
|
|
Batting: LHB Chad Weaver
|
0-0: Ground out 4-3 (Groundball, 4)
|
Batting: RHB António Ortega
|
0-0: Ball 1-0: Ball 2-0: Ball 3-0: Called Strike 3-1: Swinging Strike 3-2: Fly out, F2 (Popup, 25F)
|
Batting: SHB António Hernández
|
0-0: Called Strike 0-1: Ball 1-1: Ball 2-1: Fly out, F8 (Flyball, 8RS)
|
Top of the 1st over - 0 run(s), 0 hit(s), 0 error(s), 0 left on base; Seattle 0 - Kalamazoo 0 |
BOTTOM OF THE 1ST |
Kalamazoo Royale with Cheese batting - Pitching for Seattle Pikes : RHP António Rijo
|
Pitching: RHP António Rijo
|
|
Batting: RHB Fernando Martínez
|
0-0: Ball 1-0: Ground out 4-3 (Groundball, 34)
|
Batting: LHB Robinson Fernández
|
0-0: SINGLE (Groundball, 34)
|
Batting: LHB William Ruffo
|
0-0: Ball 1-0: Foul Ball, location: 2F 1-1: Called Strike 1-2: Ball 2-2: Fly out, F8 (Flyball, 8LS)
|
Batting: LHB Seung-woo Yi
|
0-0: Ball 1-0: Ball 2-0: Called Strike 2-1: Called Strike 2-2: Strikes out swinging
|
Bottom of the 1st over - 0 run(s), 1 hit(s), 0 error(s), 1 left on base; Seattle 0 - Kalamazoo 0 |
TOP OF THE 2ND |
Seattle Pikes batting - Pitching for Kalamazoo Royale with Cheese : RHP Miguel Angel Rodríguez
|
Batting: RHB Alfredo Rivera
|
0-0: Ball 1-0: Called Strike 1-1: Ball 2-1: Ground out 6-3 (Groundball, 6)
|
Batting: LHB Keith Tillman
|
0-0: Ground out 5-3 (Groundball, 56S)
|
Batting: RHB Randy Sheppard
|
0-0: Foul Ball, location: 2F 0-1: Ball 1-1: Ball 2-1: Swinging Strike 2-2: Foul Ball, location: 2F 2-2: Foul Ball, location: 2F 2-2: Ground out 5-3 (Groundball, 5)
|
Top of the 2nd over - 0 run(s), 0 hit(s), 0 error(s), 0 left on base; Seattle 0 - Kalamazoo 0 |
BOTTOM OF THE 2ND |
Kalamazoo Royale with Cheese batting - Pitching for Seattle Pikes : RHP António Rijo
|
Batting: RHB Run-ming Zhu
|
0-0: Foul Ball, location: 2F 0-1: Ball 1-1: Ball 2-1: Fly out, F7 (Popup, 56D)
|
Batting: LHB David Richardson
|
0-0: Foul Ball, location: 2F 0-1: Called Strike 0-2: Ground out 4-3 (Groundball, 4M)
|
Batting: RHB Miguel Encarnación
|
0-0: Ball 1-0: Called Strike 1-1: Ball 2-1: Foul Ball, location: 2F 2-2: Ground out 5-3 (Groundball, 5S)
|
Bottom of the 2nd over - 0 run(s), 0 hit(s), 0 error(s), 0 left on base; Seattle 0 - Kalamazoo 0 |
TOP OF THE 3RD |
Seattle Pikes batting - Pitching for Kalamazoo Royale with Cheese : RHP Miguel Angel Rodríguez
|
Batting: RHB Arnold Harmon
|
0-0: Called Strike 0-1: Ball 1-1: Swinging Strike 1-2: Ground out 4-3 (Groundball, 4M)
|
Batting: RHB Wallace Greene
|
0-0: Called Strike 0-1: Foul Ball, location: 2F 0-2: Foul Ball, location: 2F 0-2: Fly out, F3 (Popup, 3SF)
|
Batting: RHB Manuel Rico
|
0-0: Swinging Strike 0-1: Ball 1-1: Ball 2-1: Foul Ball, location: 2F 2-2: Foul Ball, location: 2F 2-2: Foul Ball, location: 2F 2-2: Ball 3-2: Base on Balls
|
Batting: LHB Chad Weaver
|
0-0: Ball 1-0: Fly out, F8 (Flyball, 78M)
|
Top of the 3rd over - 0 run(s), 0 hit(s), 0 error(s), 1 left on base; Seattle 0 - Kalamazoo 0 |
BOTTOM OF THE 3RD |
Kalamazoo Royale with Cheese batting - Pitching for Seattle Pikes : RHP António Rijo
|
Batting: RHB Jorge Márquez
|
0-0: Ball 1-0: Foul Ball, location: 2F 1-1: Bunted foul 1-2: Ball 2-2: Ground out 5-3 (Groundball, 56)
|
Batting: RHB Andy Aiton
|
0-0: SOLO HOME RUN (Flyball, 8RXD), Distance : 445 ft
|
Batting: RHB Fernando Martínez
|
0-0: SINGLE (Groundball, 15S) (infield hit)
|
Batting: LHB Robinson Fernández
|
0-0: Ball 1-0: Called Strike 1-1: Foul Ball, location: 2F 1-2: Strikes out swinging
|
Batting: LHB William Ruffo
|
0-0: Called Strike 0-1: Ball 1-1: Ground out 4-3 (Groundball, 4)
|
Bottom of the 3rd over - 1 run(s), 2 hit(s), 0 error(s), 1 left on base; Seattle 0 - Kalamazoo 1 |
TOP OF THE 4TH |
Seattle Pikes batting - Pitching for Kalamazoo Royale with Cheese : RHP Miguel Angel Rodríguez
|
Batting: RHB António Ortega
|
0-0: Called Strike 0-1: Ball 1-1: Ball 2-1: Foul Ball, location: 2F 2-2: SINGLE (Groundball, 4MD)
|
Batting: SHB António Hernández
|
0-0: Ball 1-0: Fly out, F7 (Flyball, 7M)
|
Batting: RHB Alfredo Rivera
|
0-0: Ball 1-0: Ball 2-0: Fly out, F8 (Flyball, 8LS) 2-0: Fly out, F8 (Flyball, 8LS)
|
Batting: LHB Keith Tillman
|
0-0: Ball 1-0: Called Strike 1-1: Ball 2-1: Swinging Strike 2-2: Foul Ball, location: 2F 2-2: Foul Ball, location: 2F 2-2: Fly out, F7 (Flyball, 7S)
|
Top of the 4th over - 0 run(s), 1 hit(s), 0 error(s), 1 left on base; Seattle 0 - Kalamazoo 1 |
BOTTOM OF THE 4TH |
Kalamazoo Royale with Cheese batting - Pitching for Seattle Pikes : RHP António Rijo
|
Batting: LHB Seung-woo Yi
|
0-0: Fly out, F4 (Line Drive, 4)
|
Batting: RHB Run-ming Zhu
|
0-0: Called Strike 0-1: Ball 1-1: Ball 2-1: Ball 3-1: Base on Balls
|
Batting: LHB David Richardson
|
0-0: Ball 1-0: Swinging Strike 1-1: Fly out, F8 (Flyball, 8RS)
|
Batting: RHB Miguel Encarnación
|
0-0: Ball 1-0: Ground out 6-3 (Groundball, 6)
|
Bottom of the 4th over - 0 run(s), 0 hit(s), 0 error(s), 1 left on base; Seattle 0 - Kalamazoo 1 |
TOP OF THE 5TH |
Seattle Pikes batting - Pitching for Kalamazoo Royale with Cheese : RHP Miguel Angel Rodríguez
|
Batting: RHB Randy Sheppard
|
0-0: Bunt missed! 0-1: Ball 1-1: Called Strike 1-2: Ball 2-2: Ground out 5-3 (Groundball, 56)
|
Batting: RHB Arnold Harmon
|
0-0: Ball 1-0: Ground out 5-3 (Groundball, 5S)
|
Batting: RHB Wallace Greene
|
0-0: Ball 1-0: Ball 2-0: Foul Ball, location: 2F 2-1: SINGLE (Line Drive, 9S)
|
Batting: RHB Manuel Rico
|
0-0: Ball 1-0: Ball 2-0: Called Strike 2-1: Foul Ball, location: 2F 2-2: Foul Ball, location: 2F 2-2: Foul Ball, location: 2F 2-2: Fly out, F5 (Popup, 5SF)
|
Top of the 5th over - 0 run(s), 1 hit(s), 0 error(s), 1 left on base; Seattle 0 - Kalamazoo 1 |
BOTTOM OF THE 5TH |
Kalamazoo Royale with Cheese batting - Pitching for Seattle Pikes : RHP António Rijo
|
Batting: RHB Jorge Márquez
|
0-0: Swinging Strike 0-1: Foul Ball, location: 2F 0-2: Ball 1-2: Strikes out swinging
|
Batting: RHB Andy Aiton
|
0-0: Ball 1-0: SINGLE (Flyball, 8RS)
|
Batting: RHB Fernando Martínez
|
0-0: Grounds into double play, 4-6-3 (Groundball, 4M)
|
Bottom of the 5th over - 0 run(s), 1 hit(s), 0 error(s), 0 left on base; Seattle 0 - Kalamazoo 1 |
TOP OF THE 6TH |
Seattle Pikes batting - Pitching for Kalamazoo Royale with Cheese : RHP Miguel Angel Rodríguez
|
Batting: LHB Chad Weaver
|
0-0: Foul Ball, location: 2F 0-1: Called Strike 0-2: Ball 1-2: SINGLE (Groundball, 34S)
|
Batting: RHB António Ortega
|
0-0: Called Strike 0-1: Foul Ball, location: 2F 0-2: Ball 1-2: Grounds into double play, 5-4-3 (Groundball, 56)
|
Batting: SHB António Hernández
|
0-0: Ball 1-0: Ball 2-0: Ball 3-0: Called Strike 3-1: DOUBLE (Line Drive, 78M)
|
Batting: RHB Alfredo Rivera
|
0-0: Ball 1-0: Swinging Strike 1-1: Swinging Strike 1-2: Ball 2-2: Ball 3-2: Base on Balls
|
Batting: LHB Keith Tillman
|
0-0: Fly out, F7 (Flyball, 78M)
|
Top of the 6th over - 0 run(s), 2 hit(s), 0 error(s), 2 left on base; Seattle 0 - Kalamazoo 1 |
BOTTOM OF THE 6TH |
Kalamazoo Royale with Cheese batting - Pitching for Seattle Pikes : RHP António Rijo
|
Batting: LHB Robinson Fernández
|
0-0: Ball 1-0: Ball 2-0: Called Strike 2-1: Ball 3-1: Base on Balls
|
Batting: LHB William Ruffo
|
0-0: Fly out, F6 (Line Drive, 6)
|
Batting: LHB Seung-woo Yi
|
0-0: Foul Ball, location: 2F 0-1: Grounds into double play, 4-6-3 (Groundball, 4)
|
Bottom of the 6th over - 0 run(s), 0 hit(s), 0 error(s), 0 left on base; Seattle 0 - Kalamazoo 1 |
TOP OF THE 7TH |
Seattle Pikes batting - Pitching for Kalamazoo Royale with Cheese : RHP Miguel Angel Rodríguez
|
Batting: RHB Randy Sheppard
|
0-0: Swinging Strike 0-1: Ground out 6-3 (Groundball, 6)
|
Batting: RHB Arnold Harmon
|
0-0: Fly out, F5 (Popup, 25)
|
Batting: RHB Wallace Greene
|
0-0: Called Strike 0-1: Ball 1-1: Fly out, F7 (Flyball, 78M)
|
Top of the 7th over - 0 run(s), 0 hit(s), 0 error(s), 0 left on base; Seattle 0 - Kalamazoo 1 |
BOTTOM OF THE 7TH |
Kalamazoo Royale with Cheese batting - Pitching for Seattle Pikes : RHP António Rijo
|
Batting: RHB Run-ming Zhu
|
0-0: Called Strike 0-1: Ball 1-1: Ball 2-1: Ground out 6-3 (Groundball, 6)
|
Batting: LHB David Richardson
|
0-0: Foul Ball, location: 2F 0-1: Called Strike 0-2: Strikes out swinging
|
Batting: RHB Miguel Encarnación
|
0-0: Ball 1-0: Ball 2-0: Ball 3-0: Called Strike 3-1: Swinging Strike 3-2: Reached on error, E1 (Groundball, 13)
|
Pinch Hitting: RHB Juan Mendoza
|
0-0: Called Strike 0-1: Called Strike 0-2: Strikes out swinging
|
Bottom of the 7th over - 0 run(s), 0 hit(s), 1 error(s), 1 left on base; Seattle 0 - Kalamazoo 1 |
TOP OF THE 8TH |
Seattle Pikes batting - Pitching for Kalamazoo Royale with Cheese : RHP Miguel Angel Rodríguez
|
Now at SS: Jonathan MacVey
|
|
Batting: RHB Manuel Rico
|
0-0: Called Strike 0-1: Ball 1-1: TRIPLE (Line Drive, 7LS)
|
Pitching: LHP Morgan McDormand
|
|
Pinch Hitting: RHB Iván Gonzáles
|
0-0: Foul Ball, location: 2F 0-1: Foul Ball, location: 2F 0-2: SINGLE (Groundball, 56D) Manuel Rico scores
|
Pitching: RHP Josh Graham
|
|
Batting: RHB António Ortega
|
0-0: Called Strike 0-1: Grounds into double play, 6-4-3 (Groundball, 6M)
|
Batting: SHB António Hernández
|
0-0: Called Strike 0-1: Swinging Strike 0-2: Ball 1-2: Ball 2-2: Ball 3-2: Base on Balls
|
Batting: RHB Alfredo Rivera
|
0-0: Ball 1-0: Foul Ball, location: 2F 1-1: Ball 2-1: Foul Ball, location: 2F 2-2: Ball 3-2: Strikes out swinging
|
Top of the 8th over - 1 run(s), 2 hit(s), 0 error(s), 1 left on base; Seattle 1 - Kalamazoo 1 |
BOTTOM OF THE 8TH |
Kalamazoo Royale with Cheese batting - Pitching for Seattle Pikes : RHP António Rijo
|
Pitching: LHP Albert Lebel
|
|
Now in LF: Luis Espinoza
|
|
Batting: RHB Andy Aiton
|
0-0: Ball 1-0: Called Strike 1-1: Ball 2-1: Fly out, F7 (Line Drive, 78S)
|
Pitching: RHP José Salinas
|
|
Batting: RHB Fernando Martínez
|
0-0: Ground out 5-3 (Groundball, 5S)
|
Pitching: RHP Orlando Ojeda
|
|
Batting: LHB Robinson Fernández
|
0-0: Ball 1-0: Called Strike 1-1: Ball 2-1: Ball 3-1: Ground out 5-3 (Groundball, 56)
|
Bottom of the 8th over - 0 run(s), 0 hit(s), 0 error(s), 0 left on base; Seattle 1 - Kalamazoo 1 |
TOP OF THE 9TH |
Seattle Pikes batting - Pitching for Kalamazoo Royale with Cheese : RHP Josh Graham
|
Pitching: RHP Rikiya Sakurai
|
|
Batting: LHB Keith Tillman
|
0-0: Called Strike 0-1: SINGLE (Line Drive, 4MD)
|
Batting: RHB Randy Sheppard
|
0-0: Ball 1-0: Called Strike 1-1: Ball 2-1: Sac Bunt - play at first, batter OUT! 1-4 Keith Tillman to second
|
Batting: RHB Arnold Harmon
|
0-0: Ball 1-0: Fly out, F9 (Flyball, 9M)
|
Batting: RHB Wallace Greene
|
0-0: Ball 1-0: Ground out 6-3 (Groundball, 6)
|
Top of the 9th over - 0 run(s), 1 hit(s), 0 error(s), 1 left on base; Seattle 1 - Kalamazoo 1 |
BOTTOM OF THE 9TH |
Kalamazoo Royale with Cheese batting - Pitching for Seattle Pikes : RHP Orlando Ojeda
|
Batting: LHB William Ruffo
|
0-0: Called Strike 0-1: Ball 1-1: Ball 2-1: Ball 3-1: Base on Balls
|
Batting: LHB Seung-woo Yi
|
0-0: Ball 1-0: Called Strike 1-1: Ball 2-1: Foul Ball, location: 2F 2-2: Strikes out swinging
|
Batting: RHB Run-ming Zhu
|
0-0: Ball 1-0: Ball 2-0: Ball 3-0: Called Strike 3-1: Called Strike 3-2: 2-RUN HOME RUN (Flyball, 78XD), Distance : 428 ft
|
Monday, December 5th, 2016 - OOTP Baseball 17.12 Build 75
|
|